 Dungeon Crawl Stone Soup version 0.31-a0-963-ga325b2283a (webtiles) character file.

Game seed: 5411066135987294032

321 pokeman the Magician (level 6, -1/34 HPs)
             Began as a Deep Elf Hedge Wizard on Oct 25, 2023.
             Succumbed to miscasting Mephitic Cloud's poison
             ... on level 4 of the Dungeon.
             The game lasted 00:05:16 (3704 turns).

pokeman the Magician (Deep Elf Hedge Wizard)        Turns: 3704, Time: 00:05:16

Health: -1/34      AC:  2    Str:  7    XL:     6   Next: 22%
Magic:  7/17       EV: 13    Int: 21    God:
Gold:   89         SH:  0    Dex: 14    Spells: 10/18 levels left

rFire   . . .        v - +1 dagger (venom)
rCold   + . .        (no shield)
rNeg    . . .        b - +0 robe
rPois   .            c - +0 hat
rElec   .            (no cloak)
rCorr   .            (no gloves)
SInv    .            (no boots)
Will    .....        (no amulet)
Stlth   ++           n - ring of protection from cold
HPRegen 0.25/turn    (no ring)
MPRegen 0.15/turn

%: no passive effects
@: lethally poisoned (-1 -> -13), on blink cooldown, very slightly contaminated
A: no striking features
a: no special abilities


You were on level 4 of the Dungeon.
You visited 1 branch of the dungeon, and saw 4 of its levels.

You collected 89 gold pieces.

Inventory:

Hand Weapons
 v - a +1 dagger of venom (weapon)
Armour
 b - a +0 robe (worn)
 c - a +0 hat (worn)
Jewellery
 n - a ring of protection from cold (left hand)
Wands
 u - a wand of light (5)
Scrolls
 e - 2 scrolls of silence {unknown}
 f - a scroll of amnesia {unknown}
 g - 3 scrolls of identify {unknown}
 k - 2 scrolls of noise {unknown}
 m - a scroll of teleportation {unknown}
 o - a scroll of vulnerability {unknown}
 p - a scroll of fear {unknown}
 r - a scroll of poison {unknown}
 w - a scroll of revelation {unknown}
 x - a scroll of butterflies {unknown}
Potions
 a - a potion of attraction {unknown}
 d - a potion of magic
 h - 3 potions of lignification {unknown}
 i - a potion of might {unknown}
 j - 2 potions of haste {unknown}
 l - a potion of curing {unknown}
 q - a potion of berserk rage {unknown}
 s - a potion of degeneration {unknown}
 t - a potion of brilliance {unknown}


   Skills:
 + Level 1.1 Fighting
 - Level 1.0 Armour
 - Level 3.1 Dodging
 - Level 3.0 Stealth
 * Level 6.8 Spellcasting
 + Level 3.1 Conjurations
 - Level 1.1 Summonings
 - Level 1.1 Translocations
 - Level 1.0 Air Magic
 - Level 1.0 Poison Magic
 - Level 1.3 Evocations


You had 10 spell levels left.
You knew the following spells:

 Your Spells              Type           Power      Damage    Failure   Level
a - Magic Dart            Conj           80%        1d7       2%          1
b - Mephitic Cloud        Conj/Pois/Air  14%        N/A       13%         3
c - Call Imp              Summ           22%        N/A       9%          2
d - Blink                 Tloc           22%        N/A       9%          2

Your spell library contained the following spells:

 Spells                   Type           Power      Damage    Failure   Level
 Sting                    Tmut/Pois      36%        1d4       8%          1
 Slow                     Hex            28%        N/A       9%          1
 Poisonous Vapours        Pois/Air       22%        N/A       9%          2
 Cigotuvi's Dreadful Rot  Necr/Pois/Air  20%        N/A       11%         2
 Olgreb's Toxic Radiance  Pois           11%        N/A       52%         4


Dungeon Overview and Level Annotations

Branches:
Dungeon (4/15)             Temple (0/1) D:4

Altars:
Xom

Annotations:
D:4 Edmund


Message History

Edmund hits your cerulean imp with a +2 dire flail of venom!
Your cerulean imp is killed!
Your cerulean imp disappears in a puff of smoke!
You hit Edmund but do no damage.
Edmund is poisoned.
Edmund is lightly wounded.
Edmund barely misses you.
Casting: Call Imp (safe; 9% risk of failure)
Confirm with . or Enter, or press ? or * to list all spells.
You miscast Call Imp.
You are very lightly contaminated with residual magic.
Nothing appears to happen.
Edmund misses you.
Unknown command.
You barely miss Edmund.
Edmund is lightly wounded.
Edmund seems less confused.
Edmund hits you with a +2 dire flail of venom!
You are poisoned.
Unknown command.
You feel very sick. Edmund attacks as he pursues you! Edmund barely misses you.
You feel very sick.
Edmund zaps a wand.
The puff of flame hits you.
Casting: Call Imp (safe; 9% risk of failure)
Confirm with . or Enter, or press ? or * to list all spells.
Okay, then.
Casting: Mephitic Cloud (quite dangerous; 13% risk of failure)
Confirm with . or Enter, or press ? or * to list all spells.
Aiming: Mephitic Cloud (quite dangerous; 13% risk of failure)
Press: ? - help, Shift-Dir - straight line, f - Edmund
Aim: Edmund, wielding a +2 dire flail of venom, wearing a +0 ring mail and carrying a wand of flame (lightly wounded, very poisoned, chance to affect: 81%)
You miscast Mephitic Cloud.
You feel incredibly sick.
You are more poisoned.
* * * LOW HITPOINT WARNING * * *
x2 You feel very sick.
Edmund asks, "Have you met my wondrous brother?"
Unknown command.
Casting: Mephitic Cloud (quite dangerous; 13% risk of failure)
Confirm with . or Enter, or press ? or * to list all spells.
You blink.
You die...

#.##
########.#
#........#
####.########
#.......#
#.#####.# #
#.# #### #.#
#...###.#
#.>.#@#.#
#...#...# #.#
##.## # ##ยง#
#.@# ##.##
#..# #..#
#..#


You could see Edmund (very poisoned).

Vanquished Creatures
  Duvessa (D:4)
  Dowan (D:4)
  A hound (D:4)
  An orc priest (D:3)
  3 gnolls (D:4)
  3 adders
  A dart slug (D:1)
  2 orcs (D:3)
  5 ball pythons
  5 endoplasms
  3 giant cockroaches
  3 hobgoblins
  6 jackals
  4 kobolds
  4 quokkas
  3 bats (D:1)
  3 frilled lizards (D:1)
  2 goblins
  5 rats
56 creatures vanquished.

Vanquished Creatures (collateral kills)
  An orc (D:3)
  A bat (D:3)
2 creatures vanquished.

Grand Total: 58 creatures vanquished

Notes
Turn   | Place    | Note
-------+----------+-------------------------------------------
     0 | D:1      | pokeman the Deep Elf Hedge Wizard began the quest for the
                  | Orb.
     0 | D:1      | Reached XP level 1. HP: 10/10 MP: 7/7
   436 | D:1      | Reached XP level 2. HP: 16/16 MP: 3/9
   942 | D:1      | Reached skill level 5 in Spellcasting
  1288 | D:2      | Reached XP level 3. HP: 20/20 MP: 5/11
  1292 | D:2      | Learned a level 3 spell: Mephitic Cloud
  1295 | D:2      | Learned a level 2 spell: Call Imp
  1298 | D:2      | Learned a level 2 spell: Blink
  1588 | D:2      | You fall into a shaft and drop 1 floor!
  1910 | D:3      | Reached skill level 1 in Fighting
  2319 | D:3      | Reached skill level 1 in Armour
  2451 | D:3      | Reached XP level 4. HP: 18/25 MP: 0/13
  3362 | D:4      | Noticed Duvessa
  3362 | D:4      | Noticed Dowan
  3378 | D:4      | Killed Dowan
  3379 | D:4      | Reached skill level 6 in Spellcasting
  3379 | D:4      | Reached XP level 5. HP: 22/29 MP: 10/15
  3414 | D:4      | Killed Duvessa
  3415 | D:4      | Reached skill level 1 in Evocations
  3415 | D:4      | Reached XP level 6. HP: 19/34 MP: 1/17
  3473 | D:4      | Reached skill level 1 in Poison Magic
  3560 | D:4      | Found a shimmering altar of Xom.
  3602 | D:4      | Reached skill level 1 in Air Magic
  3685 | D:4      | Found a staircase to the Ecumenical Temple.
  3688 | D:4      | Noticed Edmund
  3704 | D:4      | Succumbed to miscasting Mephitic Cloud's poison

Illustrated notes

Levels and vault maps discovered:
D:1:      dpeg_arrival_fog, layout_loops_ring
D:2:      layout_loops_ring
D:3:      layout_loops_ring, hangedman_decor_lopped, chequers_big_river
D:4:      layout_loops_ring, mainiacjoe_overflow_paths,
          minmay_temple_entry_from_below_a, serial_shops,
          nicolae_shop_peninsula, uniq_edmund, uniq_duvessa

Skill      XL: |  1  2  3  4  5  6 |
---------------+-------------------+-----
Spellcasting   | 5 6 |  6.8
Fighting       | 1 |  1.1
Armour         | 1 |  1.0
Conjurations   | 2 3 |  3.1
Stealth        | 3 |  3.0
Dodging        | 3 |  3.1
Evocations     | 1 |  1.3
Poison Magic   | 1 |  1.0
Air Magic      | 1 |  1.0
Summonings     | |  1.1
Translocations | |  1.1

Action                     |  1- 3 |  4- 6 || total
---------------------------+-------+-------++-------
  Melee: Dagger            |    37 |    30 ||    67
         Punch             |     2 |       ||     2
   Cast: Magic Dart        |   115 |    28 ||   143
         Mephitic Cloud    |     2 |     6 ||     8
         Call Imp          |     2 |     4 ||     6
         Blink             |       |     2 ||     2
   Stab: Confused          |     3 |     4 ||     7
 Armour: Robe              |    33 |    16 ||    49
  Dodge: Dodged            |    41 |    17 ||    58

Table legend: (Time is in decaauts)
 A = Elapsed time spent in this place.
 B = Non-inter-level travel time spent in this place.
 C = Inter-level travel time spent in this place.
 D = Time resting spent in this place.
 E = Time spent auto-exploring this place.
 F = Levels seen in this place.
 G = Mean time per level.
                   A        B        C        D        E       F      G
               +--------+--------+--------+--------+--------+-----+--------+
         Total |   3713 |   3611 |    102 |     68 |   3092 |   4 |  928.2 |
       Dungeon |   3713 |   3611 |    102 |     68 |   3092 |   4 |  928.2 |
               +--------+--------+--------+--------+--------+-----+--------+

Top non-repeatable levels by time:
     D:3: 1338 daAuts
     D:1: 1214 daAuts
     D:2: 694 daAuts
     D:4: 467 daAuts
